 Dungeon Crawl Stone Soup version 0.28-a0-230-g086cc6695f (webtiles) character file.

Game seed: 10529500325962010108

5412 PentaManta the Grappler (level 10, -6/88 HPs)
             Began as a Ghoul Abyssal Knight on Aug 22, 2021.
             Was an Elder of Lugonu.
             Mangled by a cyclops (11 damage)
             ... on level 9 of the Dungeon.
             The game lasted 00:27:21 (12243 turns).

PentaManta the Grappler (Ghoul Abyssal Knight)     Turns: 12243, Time: 00:27:22

Health: -6/88      AC: 12    Str: 22    XL:     10   Next: 67%
Magic:  15/15      EV:  8    Int:  7    God:    Lugonu [****..]
Gold:   430        SH:  0    Dex:  8    Spells: 9/9 levels left

rFire   + . .      SeeInvis .     - Unarmed
rCold   + + .      Faith    .   (no shield)
rNeg    + + +      Spirit   .   I - +0 chain mail
rPois   ∞          Reflect  .   m - +0 helmet
rElec   .          Harm     .   v - +0 cloak {Will+}
rCorr   +          Rampage  .   (no gloves)
Will    +....                   (no boots)
Stlth   ..........              (no amulet)
HPRegen 0.00/turn               b - ring of resist corrosion
MPRegen 0.14/turn               F - ring of the Skies Above {rF+ rC+ Str+2}

@: about to teleport, inhibited regen, studying Unarmed Combat
A: claws 1, cold resistance 1, negative energy resistance 3, inhibited
regeneration, torment resistance 2
a: Renounce Religion, Depart the Abyss, Bend Space, Banish, Corrupt


You were on level 9 of the Dungeon.
You worshipped Lugonu.
Lugonu was greatly pleased with you.
You visited 2 branches of the dungeon, and saw 10 of its levels.
You visited the Abyss 1 time.
You also visited: Sewer.

You collected 430 gold pieces.

Inventory:

Hand Weapons
 i - a +1 dagger of venom
 B - the +7 mace of Revolt {vorpal, rF+ Dex+2}
   (You found it on level 6 of the Dungeon)

   It inflicts extra damage upon your enemies.
   Dex:       It affects your dexterity (+2).
   rF:        It protects you from fire.
 D - a +4 dagger of freezing
Missiles
 d - 6 atropa-tipped darts
 g - 3 javelins
 p - 25 poisoned darts
Armour
 c - a +1 pair of gloves
 m - a +0 helmet (worn)
 n - a scarf of harm
 r - a +0 plate armour
 v - a +0 cloak of willpower (worn)
 I - a +0 chain mail (worn)
Jewellery
 b - a ring of resist corrosion (left claw)
 s - a ring of protection from fire
 F - the ring of the Skies Above (right claw) {rF+ rC+ Str+2}
   (You found it on level 6 of the Dungeon)

   [ring of protection from fire]

   Str:       It affects your strength (+2).
   rF:        It protects you from fire.
   rC:        It protects you from cold.
Wands
 h - a wand of polymorph (17)
 k - a wand of iceblast (7) (quivered)
 q - a wand of digging (8)
 y - a wand of acid (8)
 C - a wand of mindburst (21)
 G - a wand of flame (8)
Scrolls
 f - a scroll of amnesia
 j - 2 scrolls of magic mapping
 t - 2 scrolls of immolation
 w - 2 scrolls of teleportation
 H - a scroll of fog {unknown}
Potions
 a - a potion of invisibility
 e - 4 potions of flight {unknown}
 l - a potion of heal wounds
 o - 4 potions of curing
 u - a potion of mutation {unknown}
 x - a potion of cancellation {unknown}
 z - a potion of might {unknown}
 A - 2 potions of resistance {unknown}
 E - a potion of degeneration {unknown}


   Skills:
 * Level 8.0 Fighting
 * Level 6.3 Armour
 - Level 0.8 Dodging
 + Level 11.5 Unarmed Combat
 - Level 8.0 Invocations


You had 9 spell levels left.
You didn't know any spells.
Your spell library contained the following spells:

 Spells                   Type           Power      Damage    Failure   Level
 Pain                     Necr           0%         1d4       98%         1
 Summon Small Mammal      Summ           0%         N/A       98%         1
 Blink                    Tloc           N/A        N/A       99%         2
 Slow                     Hex            0%         N/A       99%         2
 Call Canine Familiar     Summ           0%         N/A       100%        3
 Confusing Touch          Hex            0%         N/A       100%        3
 Inner Flame              Hex/Fire       0%         N/A       100%        3
 Lesser Beckoning         Tloc           0%         N/A       100%        3
 Portal Projectile        Hex/Tloc       0%         N/A       100%        3
 Summon Guardian Golem    Hex/Summ       0%         N/A       100%        3
 Vampiric Draining        Necr           0%         2d6       100%        3
 Cause Fear               Hex            0%         N/A       100%        4
 Leda's Liquefaction      Hex/Erth       0%         N/A       100%        4
 Agony                    Necr           0%         N/A       100%        5
 Excruciating Wounds      Necr           0%         N/A       100%        5
 Manifold Assault         Tloc           0%         N/A       100%        5
 Discord                  Hex            0%         N/A       100%        8
 Chain Lightning          Conj/Air       0%         N/A       100%        9
 Fire Storm               Conj/Fire      0%         5d1       100%        9


Dungeon Overview and Level Annotations

Branches:
Dungeon (9/15)             Temple (1/1) D:6            Lair (0/6) D:8
  Sewer (visited)
    Orc: D:9-12

Altars:
Ashenzari
Dithmenos
Gozag
Kikubaaqudgha
Makhleb
Nemelex Xobeh
Okawaru
Qazlal
Ru
Sif Muna
Trog
Vehumet
Wu Jian
Yredelemnul
The Shining One

Shops:
D:8 [(

Annotations:
D:5 3 runed translucent doors, Murumi's ghost, novice OgGl
D:6 exclusions: centaur and 2 electric eels
D:9 1 runed translucent door, hemabe71's ghost, journeyman HuAr


Innate Abilities, Weirdness & Mutations

You thrive by killing the living.
You are immune to poison.
You have sharp fingernails.
Your flesh is cold resistant. (rC+)
You are immune to negative energy. (rN+++)
You do not regenerate when monsters are visible.
You are immune to unholy pain and torment.


Message History

The cyclops is moderately wounded.
The cyclops hits you.
You miss the deep elf pyromancer.
The deep elf pyromancer is almost dead.
The deep elf pyromancer gestures wildly while chanting.
You miss the deep elf pyromancer.
The deep elf pyromancer is almost dead.
The cyclops hits you.
You miss the deep elf pyromancer.
The deep elf pyromancer is almost dead.
The deep elf pyromancer hits you but does no damage.
A cyclops comes into view.
The fire elemental hits you. The fire elemental burns you! You resist.
The cyclops hits you!
The cyclops shouts!
As you read the scroll of teleportation, it crumbles to dust.
You feel strangely unstable.
The deep elf pyromancer gestures wildly while chanting.
The fire elemental barely misses you.
You closely miss the deep elf pyromancer.
The deep elf pyromancer is almost dead.
The deep elf pyromancer hits you with a +0 long sword.
The fire elemental closely misses you. The fire elemental hits you.
The fire elemental burns you! You resist.
You mangle the deep elf pyromancer!!
You kill the deep elf pyromancer!
Lugonu accepts your kill.
The fire elemental disappears in a puff of smoke! x3
The cyclops closely misses you.
Your Fighting skill increases to level 8!
Unknown command.
You scratch the cyclops but do no damage.
The cyclops is moderately wounded.
A hornet zombie comes into view.
You claw the cyclops!
The cyclops is heavily wounded.
The cyclops hits you!!
* * * LOW HITPOINT WARNING * * *
The cyclops hits you!
You die...

##....... ...# ##.....
#..# ....# #..# ...#.
#..# ..#C.####..# ## ..#
#...#..###### ...
#....C....... ### #...#
#C....... #..>#
#@C...... #...#
#)....... #...###
#........
#.....#####........
######.................#
...................##'##
.................Z.# ...
.....######........# ..
.....# #........#


You could see 3 cyclopes and a hornet zombie.

Vanquished Creatures
  2 deep elf pyromancers
  Pikel (D:4)
  Maurice (D:8)
  5 yaks
  An acid dragon (D:9)
  Duvessa (D:4)
  2 necrophages
  2 sky beasts
  An orc warrior (D:9)
  2 ogres
  5 centaurs
  A phantom (D:5)
  A kobold brigand (D:8)
  4 bullfrogs
  A wyvern zombie (D:9)
  2 scorpions
  Dowan (D:4)
  3 killer bees (D:8)
  5 wights (D:7)
  3 howler monkeys
  A centaur zombie (D:9)
  A bullfrog zombie (D:5)
  A hound (D:7)
  3 jellies
  An orc priest (D:9)
  Crazy Yiuf (D:4)
  Jessica (D:2)
  5 iguanas
  2 orc wizards
  2 killer bee zombies
  A hound skeleton (D:4)
  Robin (D:2)
  A howler monkey zombie (D:9)
  4 gnolls (D:3)
  17 adders
  2 river rats (D:4)
  A shadow imp (D:4)
  A white imp (D:7)
  A dart slug (D:4)
  3 worms (D:2)
  7 orcs
  4 bats
  3 endoplasms (D:2)
  8 giant cockroaches
  8 goblins
  11 hobgoblins
  4 quokkas
  9 ball pythons
  9 frilled lizards
  5 kobolds
  7 rats
169 creatures vanquished.

Notes
Turn   | Place    | Note
-------+----------+-------------------------------------------
     0 | Abyss:1  | PentaManta the Ghoul Abyssal Knight began the quest for the
                  | Orb.
     0 | Abyss:1  | Reached XP level 1. HP: 19/19 MP: 1/1
    16 | Abyss:1  | Found a corrupted altar of Lugonu.
    44 | Abyss:1  | Noticed an efreet
    46 | D:1      | Escaped the Abyss
   504 | D:1      | Reached * piety under Lugonu
   505 | D:1      | Reached XP level 2. HP: 26/26 MP: 2/2
   551 | D:1      | Reached skill level 3 in Unarmed Combat
  1009 | D:2      | Reached XP level 3. HP: 19/31 MP: 3/3
  1153 | D:2      | Noticed Jessica
  1164 | D:2      | Killed Jessica
  1165 | D:2      | Reached skill level 4 in Unarmed Combat
  1250 | D:2      | Noticed Robin
  1257 | D:2      | Reached XP level 4. HP: 31/38 MP: 4/4
  1562 | D:2      | Killed Robin
  1563 | D:2      | Reached skill level 5 in Unarmed Combat
  1721 | D:2      | Noticed Sigmund
  1726 | D:2      | Noticed Sigmund
  1726 | D:2      | Sigmund changed into Sigmund the jelly
  1737 | D:2      | Killed Sigmund the jelly
  1738 | D:2      | Reached XP level 5. HP: 41/45 MP: 5/5
  1738 | D:2      | Reached ** piety under Lugonu
  2183 | D:3      | Reached skill level 6 in Unarmed Combat
  2254 | D:3      | Found a shadowy altar of Dithmenos.
  2432 | D:3      | Found a bloodstained altar of Trog.
  2694 | D:3      | Found a faded altar of an unknown god.
  2784 | D:4      | Noticed an ogre
  2822 | D:3      | Reached XP level 6. HP: 33/51 MP: 6/6
  2969 | D:4      | Reached skill level 7 in Unarmed Combat
  3345 | D:4      | Found a glowing drain.
  3356 | Sewer    | Entered a sewer
  3414 | Sewer    | Reached *** piety under Lugonu
  3585 | Sewer    | Reached skill level 8 in Unarmed Combat
  3585 | Sewer    | Reached XP level 7. HP: 35/57 MP: 7/7
  3996 | D:4      | Noticed Dowan
  4006 | D:4      | Killed Dowan
  4033 | D:4      | Noticed Duvessa
  4067 | D:4      | Killed Duvessa
  4068 | D:4      | Reached skill level 9 in Unarmed Combat
  4461 | D:4      | Noticed Pikel
  4480 | D:4      | Killed Pikel
  4481 | D:4      | Reached skill level 10 in Unarmed Combat
  4481 | D:4      | Reached XP level 8. HP: 32/63 MP: 8/8
  4659 | D:4      | Found a runed translucent door.
  4660 | D:4      | Noticed Crazy Yiuf
  4922 | D:4      | Found an ornate altar of the Wu Jian Council.
  4922 | D:4      | Found a broken altar of Ashenzari.
  5063 | D:4      | Killed Crazy Yiuf
  5102 | D:5      | Entered Level 5 of the Dungeon
  5609 | D:5      | Reached skill level 11 in Unarmed Combat
  5710 | D:5      | Found a runed translucent gate.
  5710 | D:5      | Found a runed translucent gate.
  5710 | D:5      | Found a runed translucent gate.
  5715 | D:5      | Noticed Murumi's ghost (novice OgGl)
  6047 | D:6      | Reached XP level 9. HP: 72/73 MP: 8/10
  6086 | D:6      | Found a staircase to the Ecumenical Temple.
  6100 | Temple   | Entered the Ecumenical Temple
  6407 | D:6      | Reached skill level 5 in Fighting
  6745 | D:6      | Identified the +7 mace of Revolt {vorpal, rF+ Dex+2}
  7681 | D:6      | Identified the ring of the Skies Above {rF+ rC+ Str+2}
  7697 | D:6      | Paralysed by a centaur for 6 turns
  7896 | D:6      | Paralysed by a centaur for 2 turns
  7897 | D:6      | HP: 3/74 [centaur/arrow (7)]
  8499 | D:7      | Found a sacrificial altar of Ru.
  8500 | D:7      | Found a burning altar of Makhleb.
  8617 | D:7      | Reached skill level 5 in Invocations
  9042 | D:7      | Noticed a deep elf pyromancer
  9051 | D:7      | Killed a deep elf pyromancer
  9594 | D:8      | Identified a scroll of acquirement
  9594 | D:8      | Acquired a manual of Unarmed Combat
  9607 | D:8      | Found Ziklidi's Armour Shop.
  9630 | D:8      | Noticed Maurice
  9917 | D:8      | Killed Maurice
  9918 | D:8      | Reached skill level 5 in Armour
  9918 | D:8      | Reached XP level 10. HP: 84/84 MP: 12/14
  9982 | D:8      | Found a staircase to the Lair.
 10025 | D:8      | Reached **** piety under Lugonu
 10211 | D:8      | Found a sand-covered staircase.
 11261 | D:8      | Found Rinuriesk's Weapon Emporium.
 11265 | D:8      | Found an ancient bone altar of Kikubaaqudgha.
 11282 | D:8      | Found a shimmering blue altar of Sif Muna.
 11282 | D:8      | Found an opulent altar of Gozag.
 11282 | D:8      | Found an iron altar of Okawaru.
 11314 | D:8      | Found a radiant altar of Vehumet.
 11314 | D:8      | Found a stormy altar of Qazlal.
 12082 | D:9      | Found a runed translucent door.
 12085 | D:9      | Noticed hemabe71's ghost (journeyman HuAr)
 12224 | D:9      | Noticed a cyclops
 12229 | D:9      | Noticed a deep elf pyromancer
 12231 | D:9      | Noticed a cyclops
 12238 | D:9      | Noticed a cyclops
 12241 | D:9      | Killed a deep elf pyromancer
 12243 | D:9      | Mangled by a cyclops

Illustrated notes

Levels and vault maps discovered:
D:1:      lemuel_arrival_behind_the_door_large, layout_basic
D:2:      layout_basic, minmay_heptomino_d4, uniq_sigmund, uniq_jessica,
          uniq_robin
D:3:      layout_rooms, mainiacjoe_overflow_tiny_flanked, pf_just_have_faith,
          chequers_ecumenical_altar_simple, grunt_decor_junction
D:4:      layout_basic, tso_metal_star, gammafunk_temple_overflow_pools,
          gup_sewer_entry_bubbles, dk_noncrumbling_3, uniq_crazy_yiuf_cottage,
          uniq_pikel, uniq_duvessa
D:5:      layout_basic, ebering_ghost_rock_garden
D:6:      layout_basic, minmay_temple_entry_stoned_glass, minivault_4,
          centaur_isle
D:7:      layout_gridville, minitemple
D:8:      layout_rooms, minmay_overflow_temple_hex, lair_entry_dummy,
          serial_shops, nicolae_lakefront_shop, nicolae_lakefront_shop,
          nicolae_ossuary_entry_false_entrances, uniq_maurice
D:9:      minmay_blocky_corners, layout_irregular_city,
          hellmonk_ghost_happy_afterlife, nicolae_two_hexagons
Temple:   compressed_dpeg_triangle_lava_temple

Skill      XL: |  1  2  3  4  5  6  7  8  9 10 |
---------------+-------------------------------+-----
Unarmed Combat | 3 4 5 6 8 10 11 | 11.5
Armour         | 3 5 6 |  6.3
Fighting       | 4 6 8 |  8.0
Invocations    | 6 8 |  8.0
Dodging        | |  0.8

Action                   |  1- 3 |  4- 6 |  7- 9 | 10-12 || total
-------------------------+-------+-------+-------+-------++-------
Melee: Unarmed           |    82 |   215 |   223 |   121 ||   641
       Punch             |       |     3 |     4 |    11 ||    18
       Dagger            |       |       |       |    15 ||    15
Throw: Javelin           |       |     3 |    11 |       ||    14
       Dart              |       |    17 |     6 |       ||    23
Invok: Depart the Abyss  |     1 |       |       |       ||     1
       Bend Space        |       |     8 |     4 |       ||    12
Evoke: Wand              |       |     3 |     4 |     2 ||     9
  Use: Scroll            |       |     3 |     6 |     1 ||    10
       Potion            |       |       |     4 |       ||     4
Armor: Leather armour    |     8 |       |       |       ||     8
       Ring mail         |    13 |       |       |       ||    13
       Scale mail        |     1 |    73 |    69 |    58 ||   201
       Chain mail        |       |       |       |    42 ||    42
Dodge: Dodged            |    47 |    81 |    87 |    78 ||   293

Table legend: (Time is in decaauts)
 A = Elapsed time spent in this place.
 B = Non-inter-level travel time spent in this place.
 C = Inter-level travel time spent in this place.
 D = Time resting spent in this place.
 E = Time spent auto-exploring this place.
 F = Levels seen in this place.
 G = Mean time per level.
                   A        B        C        D        E       F      G
               +--------+--------+--------+--------+--------+-----+--------+
         Total |  12263 |  11951 |    312 |   3578 |   5602 |  12 | 1021.9 |
       Dungeon |  11580 |  11268 |    312 |   3431 |   5484 |   9 | 1286.7 |
        Temple |      1 |      1 |      0 |      0 |      0 |   1 |    1.0 |
         Abyss |     46 |     46 |      0 |      0 |      0 |   1 |   46.0 |
         Sewer |    635 |    635 |      0 |    147 |    118 |   1 |  635.0 |
               +--------+--------+--------+--------+--------+-----+--------+

Top non-repeatable levels by time:
     D:6: 2759 daAuts
     D:4: 1701 daAuts
     D:7: 1647 daAuts
     D:1: 1173 daAuts
     D:9: 1017 daAuts
     D:8: 943 daAuts
     D:2: 839 daAuts
     D:3: 783 daAuts
     D:5: 714 daAuts
   Sewer: 635 daAuts
 Abyss:1: 46 daAuts
  Temple: 1 daAuts
